TOP OF THE 1ST |
Baltimore (APP) Orioles batting - Pitching for Seattle (APP) Mariners : RHP John Olson
|
Pitching: RHP John Olson
|
|
Batting: SHB Eric Kelley
|
0-0: Called Strike 0-1: Ball 1-1: Called Strike 1-2: Foul Ball, location: 2F 1-2: Foul Ball, location: 2F 1-2: Ball 2-2: Ground out 4-3 (Groundball, 4, EV 82.5 MPH)
|
Batting: RHB Ruben Domingues
|
0-0: Fly out, F3 (Popup, 3, EV 75.6 MPH)
|
Batting: LHB Jeremy Nuzzo
|
0-0: Fly out, F8 (Flyball, 8LD, EV 101.9 MPH)
|
Top of the 1st over - 0 runs, 0 hits, 0 errors, 0 left on base; Baltimore (APP) 0 - Seattle (APP) 0 |
BOTTOM OF THE 1ST |
Seattle (APP) Mariners batting - Pitching for Baltimore (APP) Orioles : LHP Ryan Watkins
|
Pitching: LHP Ryan Watkins
|
|
Batting: RHB Carlton McDonald
|
0-0: Ball 1-0: Ball 2-0: Fly out, F8 (Flyball, 8RM, EV 93.8 MPH)
|
Batting: RHB John Vasquez
|
0-0: Called Strike 0-1: Foul Ball, location: 2F 0-2: Ball 1-2: Fly out, F9 (Flyball, 9LM, EV 96.2 MPH)
|
Batting: SHB Carlos Luna
|
0-0: Ball 1-0: Foul Ball, location: 2F 1-1: Swinging Strike 1-2: Ball 2-2: Ball 3-2: Foul Ball, location: 2F 3-2: Foul Ball, location: 2F 3-2: Foul Ball, location: 2F 3-2: Foul Ball, location: 2F 3-2: SINGLE (Line Drive, 7S, EV 112.5 MPH)
|
Batting: LHB Prince Nunley
|
0-0: SINGLE (Groundball, 6MD, EV 106.9 MPH) Carlos Luna to second Runner from 2nd tries for 3rd, SAFE, throw by CF made to third Prince Nunley to second
|
Batting: LHB Chang Huie
|
0-0: Called Strike 0-1: Foul Ball, location: 2F 0-2: Ground out 5-3 (Groundball, 56S, EV 68.1 MPH)
|
Bottom of the 1st over - 0 runs, 2 hits, 0 errors, 2 left on base; Baltimore (APP) 0 - Seattle (APP) 0 |
TOP OF THE 2ND |
Baltimore (APP) Orioles batting - Pitching for Seattle (APP) Mariners : RHP John Olson
|
Batting: RHB Minoru Matsumoto
|
0-0: Foul Ball, location: 2F 0-1: Ball 1-1: Fly out, F9 (Flyball, 9, EV 92.5 MPH)
|
Batting: LHB Xue-liang Zhou
|
0-0: Called Strike 0-1: Called Strike 0-2: Ball 1-2: Fly out, F8 (Line Drive, 8LD, EV 93.1 MPH)
|
Batting: RHB Han Caspers
|
0-0: Called Strike 0-1: Called Strike 0-2: Foul Ball, location: 2F 0-2: Ball 1-2: SINGLE (Groundball, 56D, EV 107.5 MPH) (infield hit)
|
Batting: LHB Edwin Cabral
|
0-0: Called Strike 0-1: Ball 1-1: Ball 2-1: Swinging Strike 2-2: Ball 3-2: Strikes out looking
|
Top of the 2nd over - 0 runs, 1 hit, 0 errors, 1 left on base; Baltimore (APP) 0 - Seattle (APP) 0 |
BOTTOM OF THE 2ND |
Seattle (APP) Mariners batting - Pitching for Baltimore (APP) Orioles : LHP Ryan Watkins
|
Batting: RHB Joaquin Salazar
|
0-0: Ball 1-0: Foul Ball, location: 2F 1-1: Called Strike 1-2: Ball 2-2: Foul Ball, location: 2F 2-2: Strikes out looking
|
Batting: LHB Yoshihisa Kobayashi
|
0-0: Foul Ball, location: 2F 0-1: Foul Ball, location: 2F 0-2: Ball 1-2: Ball 2-2: Strikes out swinging
|
Batting: RHB Ziven Badersky
|
0-0: Called Strike 0-1: Ball 1-1: Fly out, F7 (Flyball, 7, EV 78.8 MPH)
|
Bottom of the 2nd over - 0 runs, 0 hits, 0 errors, 0 left on base; Baltimore (APP) 0 - Seattle (APP) 0 |
TOP OF THE 3RD |
Baltimore (APP) Orioles batting - Pitching for Seattle (APP) Mariners : RHP John Olson
|
Batting: LHB Ivan Alvarez
|
0-0: SINGLE (Line Drive, 78S, EV 93.1 MPH)
|
Batting: RHB Imbart van Rens
|
0-0: Ball 1-0: Called Strike 1-1: Ball 2-1: Ball 3-1: Base on Balls Ivan Alvarez to second
|
Batting: SHB Eric Kelley
|
0-0: Foul Ball, location: 3F, Error on foul ball, E3 0-1: Called Strike 0-2: Foul Ball, location: 2F 0-2: Foul Ball, location: 2F 0-2: Ball 1-2: Ball 2-2: Ball 3-2: Grounds into double play, 4-6-3 (Groundball, 34, EV 85.0 MPH) Ivan Alvarez to third
|
Batting: RHB Ruben Domingues
|
0-0: Ball 1-0: Swinging Strike 1-1: Fly out, F9 (Flyball, 9S, EV 93.8 MPH)
|
Top of the 3rd over - 0 runs, 1 hit, 1 error, 1 left on base; Baltimore (APP) 0 - Seattle (APP) 0 |
BOTTOM OF THE 3RD |
Seattle (APP) Mariners batting - Pitching for Baltimore (APP) Orioles : LHP Ryan Watkins
|
Batting: RHB Josh Carpenter
|
0-0: Called Strike 0-1: Foul Ball, location: 2F 0-2: Ball 1-2: Strikes out swinging
|
Batting: RHB Carlton McDonald
|
0-0: Ball 1-0: Ball 2-0: Foul Ball, location: 2F 2-1: Foul Ball, location: 2F 2-2: Strikes out swinging
|
Batting: RHB John Vasquez
|
0-0: Ball 1-0: Ground out 4-3 (Groundball, 4, EV 86.9 MPH)
|
Bottom of the 3rd over - 0 runs, 0 hits, 0 errors, 0 left on base; Baltimore (APP) 0 - Seattle (APP) 0 |
TOP OF THE 4TH |
Baltimore (APP) Orioles batting - Pitching for Seattle (APP) Mariners : RHP John Olson
|
Batting: LHB Jeremy Nuzzo
|
0-0: Ground out 4-3 (Groundball, 4, EV 101.9 MPH)
|
Batting: RHB Minoru Matsumoto
|
0-0: Called Strike 0-1: Ball 1-1: Ball 2-1: Ball 3-1: Base on Balls
|
Batting: LHB Xue-liang Zhou
|
0-0: Ball Minoru Matsumoto is caught stealing 2nd base 2-6 1-0: Ball 2-0: Ball 3-0: Base on Balls
|
Batting: RHB Han Caspers
|
0-0: Ball 1-0: Ball 2-0: Ball 3-0: Base on Balls Xue-liang Zhou to second
|
Batting: LHB Edwin Cabral
|
0-0: Called Strike 0-1: Ball 1-1: Swinging Strike 1-2: Fielders Choice at 2nd, U6 (Groundball, 4MD, EV 89.4 MPH)
|
Top of the 4th over - 0 runs, 0 hits, 0 errors, 2 left on base; Baltimore (APP) 0 - Seattle (APP) 0 |
BOTTOM OF THE 4TH |
Seattle (APP) Mariners batting - Pitching for Baltimore (APP) Orioles : LHP Ryan Watkins
|
Batting: SHB Carlos Luna
|
0-0: Called Strike 0-1: Swinging Strike 0-2: Ball 1-2: Foul Ball, location: 2F 1-2: Ball 2-2: Strikes out swinging
|
Batting: LHB Prince Nunley
|
0-0: Ball 1-0: Ball 2-0: Ball 3-0: Swinging Strike 3-1: Base on Balls
|
Batting: LHB Chang Huie
|
0-0: Ball 1-0: Ball 2-0: Foul Ball, location: 2F 2-1: Swinging Strike 2-2: Strikes out swinging
|
Batting: RHB Joaquin Salazar
|
0-0: Ball 1-0: Foul Ball, location: 2F 1-1: Swinging Strike 1-2: Ball 2-2: Ball 3-2: Foul Ball, location: 2F 3-2: Strikes out looking
|
Bottom of the 4th over - 0 runs, 0 hits, 0 errors, 1 left on base; Baltimore (APP) 0 - Seattle (APP) 0 |
TOP OF THE 5TH |
Baltimore (APP) Orioles batting - Pitching for Seattle (APP) Mariners : RHP John Olson
|
Batting: LHB Ivan Alvarez
|
0-0: Called Strike 0-1: Called Strike 0-2: SINGLE (Line Drive, 9LS, EV 93.1 MPH)
|
Batting: RHB Imbart van Rens
|
0-0: Ball 1-0: Ball 2-0: Foul Ball, location: 2F 2-1: Swinging Strike 2-2: Ball 3-2: Strikes out swinging
|
Batting: SHB Eric Kelley
|
0-0: Ball Ivan Alvarez steals 2nd base 1-0: Called Strike 1-1: Ball 2-1: SINGLE (Groundball, 6M, EV 108.1 MPH) (infield hit) Ivan Alvarez to third
|
Batting: RHB Ruben Domingues
|
0-0: Ball 1-0: Ball 2-0: Foul Ball, location: 2F 2-1: Ball 3-1: Grounds into double play, 5-4-3 (Groundball, 56, EV 88.1 MPH)
|
Top of the 5th over - 0 runs, 2 hits, 0 errors, 1 left on base; Baltimore (APP) 0 - Seattle (APP) 0 |
BOTTOM OF THE 5TH |
Seattle (APP) Mariners batting - Pitching for Baltimore (APP) Orioles : LHP Ryan Watkins
|
Batting: LHB Yoshihisa Kobayashi
|
0-0: Foul Ball, location: 2F 0-1: Ball 1-1: Ball 2-1: Foul Ball, location: 2F 2-2: Ball 3-2: Fly out, F8 (Flyball, 8RD, EV 106.9 MPH)
|
Batting: RHB Ziven Badersky
|
0-0: Called Strike 0-1: Fly out, F8 (Flyball, 8LM, EV 90.6 MPH)
|
Batting: RHB Josh Carpenter
|
0-0: Called Strike 0-1: Ball 1-1: Swinging Strike 1-2: Ball 2-2: Strikes out looking
|
Bottom of the 5th over - 0 runs, 0 hits, 0 errors, 0 left on base; Baltimore (APP) 0 - Seattle (APP) 0 |
TOP OF THE 6TH |
Baltimore (APP) Orioles batting - Pitching for Seattle (APP) Mariners : RHP John Olson
|
Batting: LHB Jeremy Nuzzo
|
0-0: Called Strike 0-1: Ball 1-1: Called Strike 1-2: DOUBLE (Line Drive, 78D, EV 111.9 MPH)
|
Batting: RHB Minoru Matsumoto
|
0-0: SINGLE (Flyball, 78S, EV 86.9 MPH) Jeremy Nuzzo to third
|
Batting: LHB Xue-liang Zhou
|
0-0: Called Strike 0-1: Ball 1-1: Ball 2-1: Foul Ball, location: 2F 2-2: Strikes out looking
|
Batting: RHB Han Caspers
|
0-0: Called Strike 0-1: SINGLE (Groundball, 3D, EV 96.2 MPH) Jeremy Nuzzo scores Minoru Matsumoto to second Runner from 2nd tries for 3rd, SAFE, throw by RF made to third Han Caspers to second
|
Pitching: LHP Will Creelman
|
|
Batting: LHB Edwin Cabral
|
0-0: Ball 1-0: Foul Ball, location: 2F 1-1: Ball 2-1: Ball 3-1: Base on Balls
|
Batting: LHB Ivan Alvarez
|
0-0: Ball 1-0: Ball 2-0: Fly out, F6 (Line Drive, 4M, EV 68.8 MPH) Lined into DP, U6 (Line Drive, 4M, EV 66.9 MPH)
|
Top of the 6th over - 1 run, 3 hits, 0 errors, 2 left on base; Baltimore (APP) 1 - Seattle (APP) 0 |
BOTTOM OF THE 6TH |
Seattle (APP) Mariners batting - Pitching for Baltimore (APP) Orioles : LHP Ryan Watkins
|
Batting: RHB Carlton McDonald
|
0-0: Called Strike 0-1: Ball 1-1: Ball 2-1: Ball 3-1: Called Strike 3-2: Strikes out swinging
|
Batting: RHB John Vasquez
|
0-0: Ball 1-0: Called Strike 1-1: Foul Ball, location: 2F 1-2: Strikes out swinging
|
Batting: SHB Carlos Luna
|
0-0: Ball 1-0: Ground out 4-3 (Groundball, 4, EV 86.2 MPH)
|
Bottom of the 6th over - 0 runs, 0 hits, 0 errors, 0 left on base; Baltimore (APP) 1 - Seattle (APP) 0 |
TOP OF THE 7TH |
Baltimore (APP) Orioles batting - Pitching for Seattle (APP) Mariners : LHP Will Creelman
|
Batting: RHB Imbart van Rens
|
0-0: Called Strike 0-1: Ball 1-1: Fly out, F9 (Flyball, 89D, EV 98.1 MPH)
|
Batting: SHB Eric Kelley
|
0-0: Ball 1-0: Swinging Strike 1-1: TRIPLE (Flyball, 78XD, EV 107.5 MPH)
|
Batting: RHB Ruben Domingues
|
0-0: Squeeze Bunt to 5S - play home, runner OUT, batter safe! 5-2
|
Batting: LHB Jeremy Nuzzo
|
0-0: Called Strike Ruben Domingues steals 2nd base 0-1: Ball 1-1: Foul Ball, location: 2F 1-2: Ball 2-2: Foul Ball, location: 2F 2-2: Ground out 4-3 (Groundball, 4M, EV 106.9 MPH)
|
Top of the 7th over - 0 runs, 1 hit, 0 errors, 1 left on base; Baltimore (APP) 1 - Seattle (APP) 0 |
BOTTOM OF THE 7TH |
Seattle (APP) Mariners batting - Pitching for Baltimore (APP) Orioles : LHP Ryan Watkins
|
Pinch Hitting: RHB Chris Van Niel
|
0-0: Ball 1-0: Ground out 6-3 (Groundball, 6, EV 102.5 MPH)
|
Pinch Hitting: RHB Nick Edmunds
|
0-0: Called Strike 0-1: Ball 1-1: Ball 2-1: SINGLE (Groundball, 56S, EV 69.4 MPH) (infield hit)
|
Batting: RHB Joaquin Salazar
|
0-0: Foul Ball, location: 2F 0-1: Swinging Strike 0-2: SINGLE (Line Drive, 78S, EV 95.6 MPH) Nick Edmunds to second
|
Batting: RHB Nick Ellis
|
0-0: Called Strike 0-1: Ball 1-1: Ball 2-1: Fly out, F8 (Flyball, 8RM, EV 97.5 MPH)
|
Pitching: RHP Zhao-jun Zong
|
|
Batting: RHB Ziven Badersky
|
0-0: Called Strike 0-1: SINGLE (Groundball, 56S, EV 70.0 MPH) (infield hit) Nick Edmunds to third Joaquin Salazar to second
|
Batting: RHB Josh Carpenter
|
0-0: Foul Ball, location: 2F 0-1: Ball 1-1: Foul Ball, location: 2F 1-2: Strikes out swinging
|
Bottom of the 7th over - 0 runs, 3 hits, 0 errors, 3 left on base; Baltimore (APP) 1 - Seattle (APP) 0 |
TOP OF THE 8TH |
Baltimore (APP) Orioles batting - Pitching for Seattle (APP) Mariners : LHP Will Creelman
|
Now at 3B: Chris Van Niel
|
|
Now in LF: John Vasquez
|
|
Now in RF: Nick Edmunds
|
|
Batting: RHB Minoru Matsumoto
|
0-0: Ball 1-0: Fly out, F7 (Flyball, 7, EV 91.2 MPH)
|
Pitching: RHP Victor Ocampo
|
|
Batting: LHB Xue-liang Zhou
|
0-0: Swinging Strike 0-1: Ground out 6-3 (Groundball, 6M, EV 101.9 MPH)
|
Batting: RHB Han Caspers
|
0-0: Ground out 6-3 (Groundball, 6, EV 85.6 MPH)
|
Top of the 8th over - 0 runs, 0 hits, 0 errors, 0 left on base; Baltimore (APP) 1 - Seattle (APP) 0 |
BOTTOM OF THE 8TH |
Seattle (APP) Mariners batting - Pitching for Baltimore (APP) Orioles : RHP Zhao-jun Zong
|
Batting: RHB Carlton McDonald
|
0-0: Called Strike 0-1: Ball 1-1: Ball 2-1: Swinging Strike 2-2: Strikes out swinging
|
Batting: RHB John Vasquez
|
0-0: Ball 1-0: Hit by Pitch
|
Batting: SHB Carlos Luna
|
0-0: Fly out, F7 (Flyball, 7LMF, EV 96.2 MPH)
|
Batting: RHB Chris Van Niel
|
0-0: Ball 1-0: Ball 2-0: Foul Ball, location: 2F 2-1: Foul Ball, location: 2F 2-2: Ball 3-2: Base on Balls John Vasquez to second
|
Batting: RHB Nick Edmunds
|
0-0: Foul Ball, location: 2F 0-1: Ball 1-1: Foul Ball, location: 2F 1-2: Strikes out looking
|
Bottom of the 8th over - 0 runs, 0 hits, 0 errors, 2 left on base; Baltimore (APP) 1 - Seattle (APP) 0 |
TOP OF THE 9TH |
Baltimore (APP) Orioles batting - Pitching for Seattle (APP) Mariners : RHP Victor Ocampo
|
Pinch Hitting: RHB Juan Eyrich
|
0-0: Ball 1-0: Ball 2-0: Foul Ball, location: 2F 2-1: TRIPLE (Groundball, 3L, EV 108.8 MPH)
|
Batting: LHB Ivan Alvarez
|
0-0: Ball 1-0: Ball 2-0: Bunt for hit to 23 - play at first, batter safe!
|
Pinch Hitting: RHB Tony Fernandez
|
0-0: Foul Ball, location: 2F 0-1: Ball 1-1: Foul Ball, location: 2F 1-2: Foul Ball, location: 2F 1-2: Ball 2-2: Foul Ball, location: 2F 2-2: Fly out, F7 (Flyball, 78M, EV 82.5 MPH)
|
Batting: SHB Eric Kelley
|
0-0: Ball 1-0: Ball 2-0: Ball 3-0: Called Strike 3-1: Fly out, F8 (Flyball, 8RM, EV 76.9 MPH)
|
Batting: RHB Ruben Domingues
|
0-0: Called Strike 0-1: Foul Ball, location: 2F 0-2: Ball 1-2: Ball 2-2: Ball 3-2: Ground out 4-3 (Groundball, 34S, EV 93.1 MPH)
|
Top of the 9th over - 0 runs, 2 hits, 0 errors, 2 left on base; Baltimore (APP) 1 - Seattle (APP) 0 |
BOTTOM OF THE 9TH |
Seattle (APP) Mariners batting - Pitching for Baltimore (APP) Orioles : RHP Zhao-jun Zong
|
Pitching: RHP Rod Najera
|
|
Now at 1B: Chris Cohen
|
|
Now at 2B: Javier Brizuela
|
|
Now at 3B: Dou-wan Pan
|
|
Batting: RHB Joaquin Salazar
|
0-0: Ball 1-0: Called Strike 1-1: Swinging Strike 1-2: Strikes out swinging
|
Batting: RHB Nick Ellis
|
0-0: Ball 1-0: Called Strike 1-1: Foul Ball, location: 2F 1-2: Ball 2-2: Ball 3-2: Strikes out looking
|
Batting: RHB Ziven Badersky
|
0-0: Ball 1-0: Ball 2-0: Swinging Strike 2-1: Ball 3-1: Base on Balls
|
Pinch Hitting: RHB Perry Renouf
|
0-0: 2-RUN HOME RUN (Flyball, 7LD, EV 91.2 MPH), Distance : 347 ft
|
Bottom of the 9th over - 2 runs, 1 hit, 0 errors, 0 left on base; Baltimore (APP) 1 - Seattle (APP) 2 |
|